 Dungeon Crawl Stone Soup version 0.24.0-13-gcf9b3192b9 (webtiles) character file.

Game seed: 17385988213530967260, levelgen mode: deterministic

15908 OleJ the Thaumaturge (level 12, -25/60 HPs)
             Began as a Spriggan Fire Elementalist on Nov 6, 2019.
             Was a Believer of Sif Muna.
             Hit by a large rock thrown by a cyclops (43 damage)
             ... on level 11 of the Dungeon.
             The game lasted 01:28:02 (15168 turns).

OleJ the Thaumaturge (Spriggan Fire Elementalist)  Turns: 15168, Time: 01:28:02

Health: -25/60     AC:  4    Str:  4    XL:     12   Next: 5%
Magic:  23/27      EV: 25    Int: 21    God:    Sif Muna [**....]
Gold:   494        SH:  0    Dex: 17    Spells: 12/31 levels left

rFire    + + .     SeeInvis +   q - +4 quarterstaff (crush)
rCold    x . .     Gourm    .   (shield currently unavailable)
rNeg     . . .     Faith    .   a - +1 robe
rPois    .         Spirit   .   (helmet restricted)
rElec    .         Reflect  .   r - +0 cloak
rCorr    .         Harm     .   (gloves unavailable)
MR       +++..                  (boots unavailable)
Stlth    +++.......             (no amulet)
HPRegen  0.20/turn              G - ring of protection from fire
MPRegen  0.20/turn              C - ring "Atriofytt" {Fire MR+}

@: very quick
A: very small, unfitting armour, see invisible, herbivore, speed 3, slow
metabolism 2
a: Channel Magic, Renounce Religion


You were on level 11 of the Dungeon.
You worshipped Sif Muna.
Sif Muna was pleased with you.
You were not hungry.

You visited 2 branches of the dungeon, and saw 12 of its levels.

You collected 565 gold pieces.
You spent 71 gold pieces at shops.

Inventory:

Hand Weapons
 q - a +4 quarterstaff of crushing (weapon)
Missiles
 l - 15 datura-tipped darts (quivered)
Armour
 a - a +1 robe (worn)
 r - a +0 cloak (worn)
Magical Staves
 H - an uncursed staff of death
Jewellery
 v - a cursed ring of attention {unknown}
 C - the ring "Atriofytt" (right hand) {Fire MR+}
   (You found it on level 6 of the Dungeon)

   [ring of fire]

   It enhances your fire magic.
   It protects you from fire.
   It makes you vulnerable to cold.
   It affects your resistance to hostile enchantments.
 G - a ring of protection from fire (left hand)
Wands
 e - a wand of random effects (8)
 w - a wand of enslavement (12)
 x - a wand of clouds (7)
Scrolls
 d - 6 scrolls of identify
 f - 2 scrolls of acquirement {unknown}
 h - 2 scrolls of enchant armour
 i - 3 scrolls of fog
 k - a scroll of magic mapping
 m - 7 scrolls of teleportation
 o - 6 scrolls of remove curse
 t - a scroll of enchant weapon
 y - 2 scrolls of fear
 B - a scroll of brand weapon
Potions
 b - a potion of might
 g - 3 potions of resistance
 j - 2 potions of curing
 n - 4 potions of mutation
 p - 2 potions of heal wounds
 s - a potion of ambrosia {unknown}
 u - a potion of haste {unknown}
 A - 2 potions of berserk rage
 E - a potion of lignification
 F - 2 potions of cancellation {unknown}
 I - a potion of agility {unknown}
Comestibles
 c - 18 rations


   Skills:
 - Level 5.0 Fighting
 + Level 5.7 Armour
 + Level 9.2 Dodging
 - Level 5.2 Stealth
 + Level 10.2 Spellcasting
 + Level 6.7 Conjurations
 - Level 7.0 Fire Magic
 + Level 4.1 Invocations
 - Level 7.0 Evocations


You had 12 spell levels left.
You knew the following spells:

 Your Spells              Type           Power        Failure   Level  Hunger
a - Fireball              Conj/Fire      ######....   11%         5    ####...
b - Conjure Flame         Conj/Fire      ######..     1%          3    None
c - Throw Flame           Conj/Fire      ######       1%          2    None
d - Corona                Hex            ##.....      6%          1    None
e - Flame Tongue          Conj/Fire      #####        1%          1    None
f - Confuse               Hex            ##......     19%         3    None
g - Sticky Flame          Conj/Fire      ######..     3%          4    ##.....

Your spell library contained the following spells:

 Spells                   Type           Power        Failure   Level  Hunger
 Dazzling Spray           Conj/Hex       ###...       4%          3    None
 Inner Flame              Hex/Fire       #####...     4%          3    None
 Ensorcelled Hibernation  Hex/Ice        ##....       10%         2    None
 Tukima's Dance           Hex            ##......     19%         3    None


Dungeon Overview and Level Annotations

Branches:
Dungeon (11/15)            Temple (1/1) D:4            Lair (0/6) D:10
    Orc (0/2) D:10

Altars:
Ashenzari
Cheibriados
Dithmenos
Elyvilon
Fedhas
Gozag
Hepliaklqana
Kikubaaqudgha
Makhleb
Nemelex Xobeh
Okawaru
Qazlal
Ru
Sif Muna
Trog
Uskayaw
Vehumet
Wu Jian
Xom
Yredelemnul
Zin
The Shining One

Shops:
D:5 ?   D:7 =   D:8 =   D:10 =

Annotations:
D:5 Prince Ribbit
D:7 2 transporters


Innate Abilities, Weirdness & Mutations

You are very small and have problems with some larger weapons.
You are too small for most types of armour.
You have supernaturally acute eyesight. (SInv)
You are a herbivore.
You cover ground extremely quickly.
You need to consume almost no food.


Message History

Magic restored.
You climb downwards.
There is a stone staircase leading up here.
A worker ant and a cyclops come into view.
The cyclops shouts!
Casting: Flame Tongue (safe; 1% risk of failure)
Confirm with . or Enter, or press ? or * to list all spells.
Aiming: Sticky Flame (safe; 3% risk of failure)
Press: ? - help, Shift-Dir - straight line, f - cyclops
Aim: a cyclops You feel a surge of power!
The sticky flame hits the cyclops but does no damage.
The cyclops is covered in liquid flames!
The cyclops burns!
The cyclops hits you!!
Ouch! That really hurt!
* * * LOW HITPOINT WARNING * * *
A bullfrog comes into view.
The cyclops burns!
The cyclops throws a large rock.
The large rock hits you!!!
Ouch! That really hurt!
You die...

.... ....
...# ## #..#
#..# #..#
#..#
.########..#
...........#
.......<.@.#
###.F####..#
# #C.# #a.#
#..# ...#
...# #..#
#..#


You could see a cyclops (burning), a bullfrog (wandering) and a worker ant.

Vanquished Creatures
  Erolcha (D:9)
  Harold (D:9)
  A hydra (D:8)
  2 two-headed ogres
  A tengu warrior (D:9)
  5 death yaks
  A deep elf mage (D:9)
  A troll (D:11)
  A hippogriff (D:9)
  2 dream sheep (D:8)
  Sigmund (D:4)
  A wraith (D:10)
  2 wyverns
  10 yaks
  The ghost of TheWoodenMan the Bolt Thrower, an amateur MiHu of Dithmenos (D:6)
  Menkaure (D:4)
  4 wargs (D:10)
  A hornet zombie (D:10)
  3 orc warriors
  5 ice beasts
  A sky beast (D:9)
  2 phantoms
  4 black bears
  An ogre (D:9)
  A necrophage (D:8)
  3 centaurs
  A crocodile (D:8)
  11 bullfrogs
  4 big kobolds
  A water moccasin zombie (D:7)
  3 scorpions
  5 wights (D:8)
  A howler monkey (D:4)
  2 crimson imps
  2 bullfrog zombies
  A quasit (D:9)
  4 jellies
  3 hounds
  A bullfrog skeleton (D:8)
  4 orc priests
  Crazy Yiuf (D:2)
  7 orc wizards
  2 centaur skeletons
  An iguana (D:6)
  5 worker ants
  A statue (D:6)
  A killer bee zombie (D:7)
  3 hound skeletons
  2 worker ant zombies
  6 gnolls
  10 adders
  A shadow imp (D:6)
  2 white imps (D:6)
  A howler monkey simulacrum (D:6)
  A worker ant simulacrum (D:6)
  2 oozes
  An adder zombie (D:8)
  A worm (D:2)
  4 dart slugs
  5 leopard geckos
  35 orcs
  2 ball pythons
  6 giant cockroaches
  10 goblins
  10 hobgoblins
  10 jackals
  19 kobolds
  2 quokkas
  6 bats
  18 frilled lizards
  A leopard gecko simulacrum (D:6)
  A quokka skeleton (D:7)
  5 rats
  A toadstool (D:1)
283 creatures vanquished.

Vanquished Creatures (others)
  A plant (D:8)
  3 toadstools (D:1)
4 creatures vanquished.

Grand Total: 287 creatures vanquished

Notes
Turn   | Place    | Note
-------+----------+-------------------------------------------
     0 | D:1      | OleJ the Spriggan Fire Elementalist began the quest for the
                  | Orb.
     0 | D:1      | Reached XP level 1. HP: 9/9 MP: 5/5
   181 | D:1      | Reached XP level 2. HP: 13/13 MP: 0/6
   340 | D:1      | Reached skill level 1 in Conjurations
   402 | D:1      | Reached skill level 3 in Spellcasting
   684 | D:1      | Reached XP level 3. HP: 16/16 MP: 5/8
   885 | D:2      | Learned a level 3 spell: Conjure Flame
  1310 | D:2      | Reached XP level 4. HP: 14/21 MP: 8/10
  1830 | D:2      | Found a runed translucent door.
  1831 | D:2      | Noticed Crazy Yiuf
  1977 | D:2      | Killed Crazy Yiuf
  2110 | D:3      | Noticed a +0 hand axe
  2111 | D:3      | Noticed a +0 dagger
  2271 | D:3      | Reached XP level 5. HP: 24/24 MP: 7/11
  2309 | D:3      | Found a snail-covered altar of Cheibriados.
  2420 | D:3      | Found a hide-covered altar of Uskayaw.
  2424 | D:3      | Found a blossoming altar of Fedhas.
  2514 | D:3      | Found a glowing golden altar of the Shining One.
  2936 | D:4      | Found a shadowy altar of Dithmenos.
  2961 | D:4      | Reached skill level 4 in Spellcasting
  3185 | D:4      | Noticed Menkaure
  3213 | D:4      | Killed Menkaure
  3213 | D:4      | Reached skill level 5 in Stealth
  3213 | D:4      | Reached XP level 6. HP: 28/28 MP: 5/13
  3236 | D:4      | Noticed Sigmund
  3241 | D:4      | Reached skill level 5 in Dodging
  3308 | D:4      | Found a staircase to the Ecumenical Temple.
  3320 | Temple   | Entered the Ecumenical Temple
  3659 | Temple   | Became a worshipper of Sif Muna the Loreminder
  3665 | Temple   | Learned a level 2 spell: Throw Flame
  3794 | D:4      | Killed Sigmund
  4000 | D:4      | Reached XP level 7. HP: 32/32 MP: 9/15
  4028 | D:4      | Reached skill level 5 in Spellcasting
  4066 | D:4      | Found a bloodstained altar of Trog.
  4300 | D:5      | Entered Level 5 of the Dungeon
  4716 | D:5      | Noticed Prince Ribbit
  4993 | D:5      | Found Ugabla's Magic Scroll Shoppe.
  5001 | D:5      | Bought a scroll of teleportation for 33 gold pieces
  5001 | D:5      | Bought a scroll of fear for 38 gold pieces
  5098 | D:5      | Learned a level 3 spell: Dazzling Spray
  5100 | D:5      | Learned a level 1 spell: Corona
  5325 | D:6      | Reached skill level 1 in Evocations
  5776 | D:6      | Reached skill level 1 in Fighting
  5776 | D:6      | Reached XP level 8. HP: 37/37 MP: 3/17
  5914 | D:5      | Reached skill level 1 in Armour
  6109 | D:6      | Reached * piety under Sif Muna
  6172 | D:6      | Reached skill level 6 in Spellcasting
  6540 | D:6      | Found a shattered altar of Ashenzari.
  6561 | D:6      | Found a radiant altar of Vehumet.
  6581 | D:6      | Found the +18 shield of the Gong {rElec rN+ MR+ EV-5}
  6630 | D:6      | Found a hazy altar of Hepliaklqana.
  7011 | D:6      | Found a runed translucent gate.
  7011 | D:6      | Found a runed translucent gate.
  7011 | D:6      | Found a runed translucent gate.
  7106 | D:6      | Noticed TheWoodenMan's ghost (amateur MiHu)
  7167 | D:6      | Killed TheWoodenMan's ghost
  7427 | D:6      | Reached skill level 5 in Fire Magic
  7427 | D:6      | Reached XP level 9. HP: 43/43 MP: 3/20
  7546 | D:6      | Got the ring "Atriofytt" {Fire}
  7552 | D:6      | Identified the ring "Atriofytt" {Fire MR+} (You found it on
                  | level 6 of the Dungeon)
  8742 | D:6      | Learned a level 1 spell: Flame Tongue
  8770 | D:7      | Reached skill level 7 in Spellcasting
  8792 | D:7      | Found Den Car's Jewellery Shoppe.
  8806 | D:7      | Reached ** piety under Sif Muna
  8894 | D:7      | Found a shimmering altar of Xom.
  8898 | D:7      | Found a transporter.
  8898 | D:7      | Noticed a skeletal warrior
  8905 | D:7      | Noticed a jumping spider
  8905 | D:7      | an eye of draining changed into a jumping spider
  8906 | D:7      | Found a transporter.
  8925 | D:7      | Found an opulent altar of Gozag.
  8986 | D:7      | Found a white marble altar of Elyvilon.
  9655 | D:8      | Reached skill level 5 in Evocations
 10437 | D:8      | Found an ornate altar of the Wu Jian Council.
 10495 | D:8      | Noticed a two-headed ogre
 10514 | D:8      | Killed a two-headed ogre
 10514 | D:8      | Reached XP level 10. HP: 48/48 MP: 14/22
 10588 | D:8      | Reached *** piety under Sif Muna
 10641 | D:8      | Found Kuont's Jewellery Shoppe.
 10809 | D:8      | Found an opulent altar of Gozag.
 11410 | D:8      | Reached skill level 5 in Conjurations
 11545 | D:8      | Noticed a three-headed hydra
 11621 | D:8      | Killed a three-headed hydra
 11621 | D:8      | Reached skill level 8 in Spellcasting
 11956 | D:9      | Noticed a two-headed ogre
 11978 | D:9      | Killed a two-headed ogre
 12265 | D:9      | Noticed a tengu warrior
 12383 | D:8      | Learned a level 5 spell: Fireball
 12387 | D:8      | Learned a level 3 spell: Confuse
 12392 | D:8      | Learned a level 4 spell: Sticky Flame
 12603 | D:9      | Killed a tengu warrior
 12753 | D:9      | Reached skill level 5 in Fighting
 12858 | D:9      | Noticed Harold
 12860 | D:9      | Reached XP level 11. HP: 52/55 MP: 15/24
 12882 | D:9      | Killed Harold
 12987 | D:9      | Reached skill level 9 in Spellcasting
 13146 | D:9      | Noticed Erolcha
 13176 | D:9      | Killed Erolcha
 13176 | D:9      | Reached skill level 1 in Invocations
 13279 | D:9      | Noticed a deep elf mage
 13289 | D:9      | Killed a deep elf mage
 13289 | D:9      | Reached skill level 5 in Armour
 13612 | D:10     | Entered Level 10 of the Dungeon
 13612 | D:10     | Found a staircase to the Lair.
 13612 | D:10     | Noticed a death yak
 13613 | D:10     | Noticed a death yak
 13613 | D:10     | Noticed a death yak
 13617 | D:10     | Noticed a death yak
 13617 | D:10     | Noticed a death yak
 13637 | D:9      | Killed a death yak
 14312 | D:10     | Found Cureil's Jewellery Shop.
 14374 | D:10     | Killed a death yak
 14382 | D:10     | Killed a death yak
 14382 | D:10     | Reached skill level 10 in Spellcasting
 14532 | D:10     | Found a staircase to the Orcish Mines.
 14598 | D:10     | Killed a death yak
 14783 | D:10     | Killed a death yak
 14783 | D:10     | Reached XP level 12. HP: 60/60 MP: 12/27
 15168 | D:11     | Hit by a large rock thrown by a cyclops

Levels and vault maps discovered:
D:1:      ldierk_water_garden, layout_basic, minmay_lizard_pond
D:2:      layout_loops_cross, serial_glass, glass_columns_a, glass_columns_b,
          glass_columns_a, glass_columns_a, glass_columns_c, feat_on_display,
          uniq_crazy_yiuf_cottage
D:3:      layout_basic, dancing_weapons_uskayaw, kennysheep_slug_shrine,
          fedhas_altar_1, nicolae_tso_carved_into_rock, first_ration,
          grunt_ministairs_10, kennysheep_generic_room_12
D:4:      layout_loops_ring, nicolae_dithmenos_shadow_blocks,
          lemuel_doored_altar, minmay_temple_entry_sparse_star,
          roderic_st_hans_cross, chequers_hall_statues_corner_a, uniq_menkaure,
          uniq_sigmund
D:5:      layout_basic, serial_shops, nicolae_shop_trees, kennysheep_diamond,
          item_on_display_a, uniq_prince_ribbit1
D:6:      layout_loops_corners, vehumet_statue, nicolae_ashenzari_panopticon,
          kennysheep_mini, gammafunk_ghost_icy
D:7:      corexii_shack_village, layout_loops_cross,
          nicolae_overflow_hidden_temple, gammafunk_temple_overflow_arena,
          serial_shops, shop, nicolae_gozag_seed_capital
D:8:      layout_gridville, kennysheep_mini_moat, kennysheep_little_box,
          serial_shops, shop, hangedman_ranch [blue_anna_fruit_fields],
          minmay_fractal_squares_5
D:9:      layout_small_grid, minmay_checkerbox, uniq_erolcha, uniq_harold
D:10:     layout_cave_pods, dpeg_lair_monsters, minmay_orc_entry_guard_dogs,
          serial_shops, shop
D:11:     cheibrodos_shockbox, layout_small_grid
Temple:   compressed_dpeg_triangle_lava_temple

Skill      XL: |  1  2  3  4  5  6  7  8  9 10 11 |
---------------+----------------------------------+-----
Conjurations   | 1 2 3 4 5 6 |  6.7
Spellcasting   | 3 4 5 6 7 8 10 | 10.2
Stealth        | 4 5 |  5.2
Dodging        | 4 5 6 9 |  9.2
Fire Magic     | 3 4 5 6 7 |  7.0
Evocations     | 1 4 6 7 |  7.0
Fighting       | 1 2 3 5 |  5.0
Armour         | 2 3 4 5 |  5.7
Invocations    | 4 |  4.1

Action                   |  1- 3 |  4- 6 |  7- 9 | 10-12 || total
-------------------------+-------+-------+-------+-------++-------
Melee: Unarmed           |     5 |       |       |       ||     5
       Spear             |    41 |    21 |       |       ||    62
       Quarterstaff      |       |    18 |    74 |    45 ||   137
       Staff             |       |       |    14 |       ||    14
 Cast: Flame Tongue      |    53 |   105 |   140 |   238 ||   536
       Conjure Flame     |     3 |     3 |     1 |       ||     7
       Throw Flame       |       |     8 |   222 |   101 ||   331
       Corona            |       |       |     6 |     5 ||    11
       Dazzling Spray    |       |       |    11 |     3 ||    14
       Fireball          |       |       |       |    32 ||    32
       Sticky Flame      |       |       |       |    13 ||    13
       Confuse           |       |       |       |     3 ||     3
Invok: Channel Magic     |       |       |       |    14 ||    14
       Forget Spell      |       |       |       |     1 ||     1
  Use: Scroll            |       |       |    10 |     7 ||    17
       Potion            |       |       |     1 |     1 ||     2
 Stab: Sleeping          |       |     1 |     1 |     1 ||     3
       Paralysed         |       |       |     3 |       ||     3
       Invisible         |       |       |     1 |       ||     1
  Eat: Ration            |       |     1 |     3 |     8 ||    12
Armor: Robe              |     5 |     1 |    17 |    12 ||    35
Dodge: Dodged            |    40 |    46 |   144 |   134 ||   364
